 Dungeon Crawl Stone Soup version 0.27-a0-1090-gb115f176c6 (webtiles) character file.

Game seed: 324974535144644641

262 robertstho the Magician (level 6, -4/40 HPs)
             Began as a Djinni Fire Elementalist on Apr 27, 2021.
             Slain by a gnoll
             ... wielding a +0 halberd
              (7 damage)
             ... on level 6 of the Dungeon.
             The game lasted 00:04:04 (3555 turns).

robertstho the Magician (Djinni Fire Elementalist)  Turns: 3555, Time: 00:04:04

Health: -4/40      AC:  2    Str:  7    XL:     6   Next: 18%
Gold:   124        EV: 12    Int: 19    God:
                   SH:  0    Dex: 13

rFire    + + .     SeeInvis .   g - +0 dagger
rCold    x . .     Faith    .   (no shield)
rNeg     . . .     Spirit   .   a - +0 robe
rPois    ∞         Reflect  .   (no helmet)
rElec    .         Harm     .   j - scarf {+Inv}
rCorr    .         Rampage  .   (no gloves)
Will     .....                  (boots unavailable)
Stlth    ++........             (no amulet)
HPRegen  0.13/turn              (no ring)
MPRegen  0.00/turn              (no ring)

@: attractive, flying
A: fire resistance 2, cold vulnerability 1, float, innate caster, hp casting,
extra vitality 1
a: Evoke Invisibility


You were on level 6 of the Dungeon.
You visited 1 branch of the dungeon, and saw 4 of its levels.

You collected 124 gold pieces.

Inventory:

Hand Weapons
 g - a +0 dagger (weapon)
Armour
 a - a +0 robe (worn)
 j - a scarf of invisibility (worn)
Scrolls
 c - 2 scrolls of immolation
 e - 3 scrolls of silence {unknown}
 f - a scroll of amnesia {unknown}
 i - 3 scrolls of identify {unknown}
 k - a scroll of blinking {unknown}
 l - a scroll of teleportation {unknown}
Potions
 b - a potion of cancellation {unknown}
 d - a potion of haste {unknown}
 h - a potion of attraction


   Skills:
 + Level 0.2 Fighting
 + Level 2.4 Dodging
 + Level 2.3 Stealth
 * Level 5.3 Spellcasting


You couldn't memorise any spells.
You knew the following spells:

 Your Spells              Type           Power      Damage    Failure   Level
a - Foxfire               Conj/Fire      100%       2x1d9     1%          1
b - Conjure Flame         Conj/Fire      25%        6-21      4%          3
c - Inner Flame           Hex/Fire       25%        N/A       4%          3
d - Sticky Flame          Conj/Fire      25%        2d5       13%         4
e - Fireball              Conj/Fire      12%        3d7       36%         5
f - Sandblast             Erth           50%        2d12      1%          1
g - Call Imp              Summ           25%        N/A       1%          2
Your spell library was empty.

Dungeon Overview and Level Annotations

Branches:
Dungeon (3/15)

Altars:
Elyvilon
Beogh

Shops:
D:3 *

Annotations:
D:6 3 runed translucent doors, Drazool's ghost, novice MiGl


Innate Abilities, Weirdness & Mutations

You are immune to poison.
Your flesh is very heat resistant. (rF++)
You are vulnerable to cold. (rC-)
You float through the air rather than walking.
You learn spells naturally, not from books.
Your magical power is your life essence.
You have superior vitality. (+4 HP)


Message History

The foxfire hits the gnoll sergeant.
The gnoll sergeant is severely wounded.
The gnoll sergeant hits you from afar with a +2 trident of venom!
Casting: Foxfire (safe; 1% risk of failure)
Press: ? - help, Q - select action, (/) - cycle Dir - look around, f - activate You conjure some foxfire!
The foxfire hits the gnoll sergeant.
The gnoll sergeant is severely wounded.
The foxfire hits the gnoll sergeant but does no damage.
The gnoll sergeant is severely wounded.
The gnoll sergeant barely misses you.
Casting: Foxfire (safe; 1% risk of failure)
Press: ? - help, Q - select action, (/) - cycle Dir - look around, f - activate You conjure some foxfire!
* * * LOW HITPOINT WARNING * * *
The foxfire hits the gnoll sergeant but does no damage.
The gnoll sergeant is severely wounded.
The foxfire hits the gnoll sergeant but does no damage.
The gnoll sergeant is severely wounded.
The gnoll sergeant hits you from afar with a +2 trident of venom!
* * * LOW HITPOINT WARNING * * *
Casting: Foxfire (safe; 1% risk of failure)
Press: ? - help, Q - select action, (/) - cycle Dir - look around, f - activate You conjure some foxfire!
* * * LOW HITPOINT WARNING * * *
The foxfire hits the gnoll sergeant.
The gnoll sergeant is severely wounded.
The foxfire hits the gnoll sergeant!
The gnoll sergeant is almost dead.
The gnoll barely misses you. The gnoll sergeant barely misses you.
The foxfire hits the gnoll sergeant but does no damage.
The gnoll sergeant is almost dead.
The foxfire hits the gnoll sergeant but does no damage.
The gnoll sergeant is almost dead.
It was a potion of attraction.
You feel attractive to monsters. The gnoll barely misses you.
The gnoll is pulled toward you!
The gnoll sergeant is pulled toward you!
The gnoll hits you from afar with a +0 halberd!
You die...

##. #........># ...
#.$.......# .#
#.........# .#
#....!$...# #
#.§.......# #
####.###### #### ##g#
...###### #####g.#
##.....>######..@...#
######.............#
########......#
########


You could see a gnoll sergeant and a gnoll.

Vanquished Creatures
  A sky beast (D:6)
  A centaur zombie (D:6)
  A centaur skeleton (D:3)
  3 gnolls (D:6)
  3 adders (D:2)
  A worm (D:2)
  5 ball pythons (D:1)
  4 bats
  6 endoplasms
  3 giant cockroaches
  8 goblins
  7 hobgoblins
  A kobold (D:2)
  A quokka (D:1)
  2 frilled lizards
  2 rats
49 creatures vanquished.

Vanquished Creatures (others)
  263 foxfires
263 creatures vanquished.

Grand Total: 312 creatures vanquished

Notes
Turn   | Place    | Note
-------+----------+-------------------------------------------
     0 | D:1      | robertstho the Djinni Fire Elementalist began the quest for
                  | the Orb.
     0 | D:1      | Reached XP level 1. HP: 15/15 MP: 0/0
   278 | D:1      | Found a faded altar of an unknown god.
   387 | D:1      | Reached skill level 3 in Spellcasting
   387 | D:1      | Reached XP level 2. HP: 18/21 MP: 0/0
  1176 | D:1      | Reached XP level 3. HP: 21/25 MP: 0/0
  1176 | D:1      | Learned a level 1 spell: Sandblast
  1784 | D:2      | Found a white marble altar of Elyvilon.
  2020 | D:2      | Reached skill level 4 in Spellcasting
  2020 | D:2      | Reached XP level 4. HP: 25/31 MP: 0/0
  2597 | D:3      | Found Lakh's General Store.
  3083 | D:3      | You are sucked into a shaft and drop 3 floors!
  3089 | D:6      | Reached XP level 5. HP: 31/35 MP: 0/0
  3089 | D:6      | Learned a level 2 spell: Call Imp
  3352 | D:6      | Found a runed translucent gate.
  3352 | D:6      | Found a runed translucent gate.
  3352 | D:6      | Found a runed translucent gate.
  3356 | D:6      | Noticed an orc warrior
  3358 | D:6      | Noticed Drazool's ghost (novice MiGl)
  3362 | D:6      | Identified the +8 chain mail of Action {rF- rC++ Int+6}
  3362 | D:6      | Noticed an orc warrior
  3362 | D:6      | Noticed an orc warrior
  3379 | D:6      | Noticed a sky beast
  3389 | D:6      | Killed a sky beast
  3390 | D:6      | Reached skill level 5 in Spellcasting
  3390 | D:6      | Reached XP level 6. HP: 32/40 MP: 0/0
  3555 | D:6      | Slain by a gnoll

Illustrated notes

Levels and vault maps discovered:
D:1:      lightli_arrival_maybe_door_vault, layout_basic,
          hellmonk_ecumenical_altar_blasted
D:2:      layout_rooms, basic_altar
D:3:      layout_rooms, serial_shops, shop, serial_curves, eino_curves_03,
          eino_curves_02, kennysheep_small_spiral, uniq_crazy_yiuf_cottage
D:6:      layout_rooms, biasface_ghost_orc_armoury

Skill      XL: |  1  2  3  4  5 |
---------------+----------------+-----
Spellcasting   | 3 4 5 |  5.3
Stealth        | 2 |  2.3
Fighting       | |  0.2
Dodging        | |  2.4

Action                   |  1- 3 |  4- 6 || total
-------------------------+-------+-------++-------
Melee: Dagger            |     2 |       ||     2
 Cast: Foxfire           |    72 |    89 ||   161
  Use: Potion            |       |     1 ||     1
 Stab: Sleeping          |     1 |       ||     1
Armor: Robe              |     3 |     1 ||     4
Dodge: Dodged            |     7 |    11 ||    18

Table legend: (Time is in decaauts)
 A = Elapsed time spent in this place.
 B = Non-inter-level travel time spent in this place.
 C = Inter-level travel time spent in this place.
 D = Time resting spent in this place.
 E = Time spent auto-exploring this place.
 F = Levels seen in this place.
 G = Mean time per level.
                   A        B        C        D        E       F      G
               +--------+--------+--------+--------+--------+-----+--------+
         Total |   3553 |   3394 |    159 |      0 |   3049 |   4 |  888.2 |
       Dungeon |   3553 |   3394 |    159 |      0 |   3049 |   4 |  888.2 |
               +--------+--------+--------+--------+--------+-----+--------+

Top non-repeatable levels by time:
     D:1: 1643 daAuts
     D:2: 886 daAuts
     D:3: 551 daAuts
     D:6: 471 daAuts
